 Dungeon Crawl Stone Soup version 0.26.0-45-g9c1d065592 (webtiles) character file.

Game seed: 10246394693799704782

19819 jlumianski the Cleaver (level 12, -2/110 HPs)
             Began as a Palentonga Fighter on Jan 30, 2021.
             Was a High Priest of Okawaru.
             Killed from afar by Psyche (7 damage)
             ... with a bolt of acid
             ... on level 11 of the Dungeon on Jan 31, 2021.
             The game lasted 01:04:04 (10835 turns).

jlumianski the Cleaver (Palentonga Fighter)        Turns: 10835, Time: 01:04:04

Health: -2/110     AC: 15    Str: 32    XL:     12   Next: 39%
Magic:  19/19      EV:  7    Int:  8    God:    Okawaru [*****.]
Gold:   177        SH: 12    Dex: 17    Spells: 11/11 levels left

rFire    . . .     SeeInvis +   a - +1 war axe
rCold    . . .     Faith    .   c - +0 kite shield
rNeg     . . .     Spirit   .   n - +3 ring mail {rPois}
rPois    +         Reflect  .   x - +2 helmet
rElec    .         Harm     .   (no cloak)
rCorr    .         Rampage  .   (no gloves)
Will     +....                  w - +2 barding {Stlth+}
Stlth    ++........             j - amulet of regeneration
HPRegen  0.68/turn              u - +6 ring of dexterity
MPRegen  0.16/turn              G - +6 ring of strength

@: corroded, studying Invocations, curled up
A: large, rugged brown scales 3, see invisible, deformed body, strong-willed 1,
strong 1, roll 1, armoured tail, reflexive curl
a: Rolling Charge, Renounce Religion, Heroism, Finesse


You were on level 11 of the Dungeon.
You worshipped Okawaru.
Okawaru was extremely pleased with you.
You visited 1 branch of the dungeon, and saw 12 of its levels.
You also visited: Bailey.

You collected 965 gold pieces.
You spent 788 gold pieces at shops.

Inventory:

Hand Weapons
 a - a +1 war axe (weapon)
 b - a +5 trident
Missiles
 f - 11 atropa-tipped darts
 t - 30 javelins (quivered)
 A - 6 curare-tipped darts
 K - 18 boomerangs
Armour
 c - a +0 kite shield (worn)
 n - a +3 ring mail of poison resistance (worn)
 w - a +2 barding of stealth (worn)
 x - a +2 helmet (worn)
Jewellery
 j - an amulet of regeneration (around neck)
 s - an uncursed ring of fire
 u - a +6 ring of dexterity (left hand)
 D - an uncursed ring of protection from cold
 G - a +6 ring of strength (right hand)
Wands
 q - a wand of random effects (20)
 E - a wand of polymorph (10)
 I - a wand of enslavement (9)
 U - a wand of acid (18)
Scrolls
 e - 9 scrolls of teleportation
 g - 2 scrolls of amnesia
 l - 2 scrolls of fog
 p - 3 scrolls of enchant weapon
 r - 4 scrolls of remove curse
 v - 3 scrolls of immolation
 y - 5 scrolls of identify
 C - 2 scrolls of fear
Potions
 d - 2 potions of might
 i - a potion of berserk rage
 m - 4 potions of curing
 z - a potion of magic
 J - a potion of cancellation
Books
 h - a manual of Invocations


   Skills:
 + Level 8.6 Fighting
 + Level 11.6 Axes
 + Level 2.5 Throwing
 + Level 7.0 Armour
 - Level 1.3 Dodging
 + Level 1.1 Stealth
 + Level 7.2 Shields
 * Level 9.5 Invocations
 + Level 2.5 Evocations


You had 11 spell levels left.
You didn't know any spells.
Your spell library contained the following spells:

 Spells                   Type           Power        Failure   Level
 Corona                   Hex            0%           63%         1
 Ensorcelled Hibernation  Hex/Ice        0%           77%         2
 Confusing Touch          Hex            0%           94%         3
 Dazzling Flash           Conj/Hex       0%           94%         3
 Gell's Gravitas          Tloc           0%           94%         3
 Tukima's Dance           Hex            0%           94%         3
 Petrify                  Tmut/Erth      0%           100%        4
 Metabolic Englaciation   Hex/Ice        0%           100%        5
 Summon Demon             Summ           0%           100%        5
 Summon Forest            Summ/Tloc      0%           100%        5
 Summon Mana Viper        Hex/Summ       0%           100%        5
 Yara's Violent Unravell  Hex/Tmut       0%           100%        5
 Shadow Creatures         Summ           N/A          100%        6
 Summon Hydra             Summ           0%           100%        7


Dungeon Overview and Level Annotations

Branches:
Dungeon (12/15)            Temple (0/1) D:4            Lair (0/6) D:8
    Orc (0/2) D:10         Bailey (visited)

Altars:
Ashenzari
Cheibriados
Dithmenos
Elyvilon
Fedhas
Gozag
Makhleb
Nemelex Xobeh
Okawaru
Qazlal
Sif Muna
Trog
Yredelemnul
Zin
Lugonu

Shops:
D:4 (   D:6 *   D:7 [

Portals:
Abyss: D:4

Annotations:
D:11 Nergalle, Psyche


Innate Abilities, Weirdness & Mutations

You are completely covered in rugged brown scales. (AC +3, +7% HP)
You have supernaturally acute eyesight. (SInv)
Armour fits poorly on your strangely shaped body.
You can roll at nearby foes to attack.
You have a long armoured tail.
You curl defensively after being hit.
You are strong-willed. (Will+)
Your muscles are strong. (Str +2)


Message History

The orc wizard miscasts a cantrip.
Psyche zaps a wand.
The bolt of acid hits you. The acid corrodes you!
You are splashed with acid!
* * * LOW HITPOINT WARNING * * *
Psyche zaps a wand.
The bolt of acid hits you!
* * * LOW HITPOINT WARNING * * *
The acid corrodes you!
You are splashed with acid!
* * * LOW HITPOINT WARNING * * *
Psyche says, "Once you're dead we can play together!"
You feel better. You block Psyche's attack. x2
Psyche zaps a wand.
The bolt of acid misses you.
The spectral orc knight is sucked into a shaft!
The shaft crumbles and collapses.
Psyche looks braver for a moment.
Psyche zaps a wand.
The bolt of acid hits you.
* * * LOW HITPOINT WARNING * * *
You are splashed with acid!
* * * LOW HITPOINT WARNING * * *
Psyche zaps a wand.
The bolt of acid hits you!
You die...

#.....# ### # #.###.###.. #
##########.......#.# ############
#........#####.#.#.# ...........#
#................#.# .......###.#
#...[....#.......#.# .......# #.#
#........#.###.#.#.#
...#######.###........#...#.#.#.#
.........○..o@..@..>....#.#.#.#.#
###.######.#####....#......<#.#.#
#.# #.# ##.##.#..####.#.#.# #.##
#.# #.....#.......#.#.#
#..#####÷## ##.####)#######.#.#
###.........####.##.......[.....#
............#............####.###
............#.................# #
.†).........#............###..# #


You could see Psyche (fast) and an orc wizard (fast).

Vanquished Creatures
  A boulder beetle (D:11)
  3 two-headed ogres
  Erica (D:11)
  An unseen horror (D:6)
  An ugly thing (D:9)
  Joseph (D:9)
  Maurice (D:7)
  A komodo dragon (D:8)
  Sigmund (D:2)
  2 shadows
  8 yaks
  A steam dragon (D:10)
  Edmund (D:5)
  A water moccasin (D:8)
  15 orc warriors
  A sky beast (D:10)
  2 ice beasts
  An eye of draining (D:11)
  5 ogres
  3 phantoms
  11 centaurs
  3 bullfrogs
  2 scorpions
  A wyvern skeleton (D:10)
  13 killer bees
  24 wights
  A quasit (D:10)
  A jelly (D:10)
  7 orc priests
  2 bullfrog zombies
  3 hounds
  11 orc wizards
  A bullfrog skeleton (D:4)
  An iguana (D:6)
  Terence (D:2)
  Jessica (D:2)
  15 worker ants
  A killer bee simulacrum (D:8)
  A worker ant zombie (D:7)
  Robin (D:4)
  3 gnolls (D:3)
  14 adders
  A shadow imp (D:7)
  8 white imps
  A worker ant simulacrum (D:8)
  5 ufetubi
  2 oozes
  An adder zombie (D:8)
  3 adder skeletons
  2 worms
  3 dart slugs
  7 leopard geckos
  68 orcs
  3 giant cockroaches
  14 goblins
  14 hobgoblins
  11 jackals
  7 quokkas
  6 bats
  4 frilled lizards (D:1)
  6 kobolds
  A leopard gecko skeleton (D:5)
  8 rats
344 creatures vanquished.

Vanquished Creatures (others)
  2 lurking horrors (D:4)
  29 plants (D:8)
31 creatures vanquished.

Grand Total: 375 creatures vanquished

Notes
Turn   | Place    | Note
-------+----------+-------------------------------------------
     0 | D:1      | jlumianski the Palentonga Fighter began the quest for the
                  | Orb.
     0 | D:1      | Reached XP level 1. HP: 20/20 MP: 1/1
   163 | D:1      | Reached XP level 2. HP: 27/27 MP: 2/2
   408 | D:2      | Noticed Sigmund
   421 | D:1      | Reached XP level 3. HP: 28/33 MP: 3/3
   513 | D:2      | Noticed Terence
   543 | D:1      | Reached skill level 3 in Axes
   579 | D:2      | Noticed Jessica
   582 | D:2      | Killed Jessica
   583 | D:2      | Reached XP level 4. HP: 35/40 MP: 4/4
  1257 | D:2      | Found a shadowy altar of Dithmenos.
  1484 | D:2      | Killed Sigmund
  1485 | D:2      | Reached skill level 4 in Axes
  1485 | D:2      | Reached XP level 5. HP: 45/49 MP: 5/5
  1485 | D:2      | Reached XP level 6. HP: 51/55 MP: 6/6
  1546 | D:2      | Killed Terence
  1589 | D:2      | Found an iron altar of Okawaru.
  1597 | D:2      | Became a worshipper of Warmaster Okawaru
  1659 | D:2      | Found a faded altar of an unknown god.
  1659 | D:2      | Found a glowing silver altar of Zin.
  1669 | D:2      | Found an opulent altar of Gozag.
  1672 | D:2      | Found a faded altar of an unknown god.
  1675 | D:2      | Found a bloodstained altar of Trog.
  2166 | D:4      | Reached skill level 1 in Dodging
  2308 | D:3      | Found a sparkling altar of Nemelex Xobeh.
  2617 | D:4      | Found a staircase to the Ecumenical Temple.
  2622 | D:4      | Noticed Robin
  2650 | D:4      | Killed Robin
  2651 | D:4      | Reached skill level 5 in Axes
  2788 | D:5      | Entered Level 5 of the Dungeon
  2805 | D:4      | Found a one-way gate to the infinite horrors of the Abyss.
  2806 | D:4      | Found a corrupted altar of Lugonu.
  2847 | D:4      | Gained mutation: You curl defensively after being hit.
                  | [Palentonga growth]
  2847 | D:4      | Reached XP level 7. HP: 13/63 MP: 7/7
  2849 | D:4      | Reached * piety under Okawaru
  3035 | D:4      | Found Qiog's Weapon Boutique.
  3459 | D:5      | Reached skill level 5 in Fighting
  3465 | D:5      | Reached ** piety under Okawaru
  3466 | D:5      | Reached skill level 6 in Axes
  3502 | D:5      | Reached XP level 8. HP: 72/72 MP: 8/8
  4226 | D:5      | Reached skill level 1 in Invocations
  4287 | D:6      | Noticed Edmund
  4308 | D:5      | Killed Edmund
  4315 | D:6      | Reached skill level 7 in Axes
  4424 | D:7      | Found Caock's Armour Shop.
  4524 | D:7      | Found a blossoming altar of Fedhas.
  4524 | D:7      | Found a broken altar of Ashenzari.
  4692 | D:6      | Reached *** piety under Okawaru
  4695 | D:6      | HP: 1/74 [killer bee (4)]
  4698 | D:6      | Gained mutation: You tend to lose your temper in combat.
                  | [potion of mutation]
  4698 | D:6      | Lost mutation: You tend to lose your temper in combat.
                  | [potion of mutation]
  4698 | D:6      | Gained mutation: You are strong-willed. (Will+) [potion of
                  | mutation]
  4698 | D:6      | Gained mutation: Your muscles are strong. (Str +2) [potion
                  | of mutation]
  4925 | D:6      | Found a sparkling altar of Nemelex Xobeh.
  5057 | D:6      | Found Ulaedd's General Store.
  5061 | D:6      | Bought a +3 ring mail of poison resistance for 253 gold
                  | pieces
  5061 | D:6      | Bought a potion of heal wounds for 55 gold pieces
  5138 | D:8      | Noticed a two-headed ogre
  5155 | D:7      | Noticed a two-headed ogre
  5188 | D:6      | Reached XP level 9. HP: 66/80 MP: 11/11
  5286 | D:6      | Killed a two-headed ogre
  5287 | D:6      | Reached skill level 8 in Axes
  5287 | D:6      | Reached skill level 5 in Armour
  5358 | D:6      | Killed a two-headed ogre
  5358 | D:6      | Reached **** piety under Okawaru
  5560 | D:7      | Noticed an unseen horror
  5647 | D:6      | Reached skill level 5 in Invocations
  5675 | D:6      | Killed an unseen horror
  5676 | D:6      | Reached skill level 5 in Shields
  5676 | D:6      | Reached XP level 10. HP: 67/89 MP: 12/14
  5717 | D:7      | Reached skill level 9 in Axes
  5807 | D:7      | Found a burning altar of Makhleb.
  5981 | D:7      | Found a snail-covered altar of Cheibriados.
  6245 | D:9      | Reached ***** piety under Okawaru
  6293 | D:9      | Found a flagged portal.
  6313 | Bailey   | Entered a bailey
  7058 | Bailey   | Reached skill level 1 in Stealth
  7075 | Bailey   | Received a gift from Okawaru
  7103 | Bailey   | Reached skill level 10 in Axes
  7103 | Bailey   | Reached XP level 11. HP: 82/99 MP: 14/17
  7456 | D:8      | Noticed Maurice
  7552 | D:7      | Killed Maurice
  7751 | D:8      | Found a shimmering blue altar of Sif Muna.
  7785 | D:8      | Found a stormy altar of Qazlal.
  7865 | D:8      | Found a basalt altar of Yredelemnul.
  7868 | D:8      | Found a white marble altar of Elyvilon.
  8243 | D:8      | Found a staircase to the Lair.
  8488 | D:10     | Entered Level 10 of the Dungeon
  8569 | D:9      | Noticed Joseph
  8581 | D:9      | Killed Joseph
  8664 | D:9      | Noticed a brown ugly thing
  8686 | D:9      | Killed a brown ugly thing
  8687 | D:9      | Reached skill level 11 in Axes
  8813 | D:10     | Reached XP level 12. HP: 95/108 MP: 18/18
  9533 | D:10     | Found a staircase to the Orcish Mines.
  9882 | D:7      | Bought a +2 barding of stealth for 480 gold pieces
  9887 | D:7      | Identified a scroll of acquirement
  9887 | D:7      | Acquired a manual of Invocations
 10275 | D:11     | Noticed a two-headed ogre
 10285 | D:11     | Killed a two-headed ogre
 10285 | D:11     | Received a gift from Okawaru
 10473 | D:11     | Noticed Erica
 10480 | D:11     | Killed Erica
 10547 | D:11     | Noticed a boulder beetle
 10600 | D:11     | Killed a boulder beetle
 10803 | D:11     | Noticed Nergalle
 10804 | D:11     | Identified the cursed +0 trident of the Elven Halls
                  | {vorpal, Str+2}
 10809 | D:11     | Noticed Psyche
 10835 | D:11     | HP: 5/110 [acid (10)]
 10835 | D:11     | Killed from afar by Psyche

Illustrated notes

Levels and vault maps discovered:
D:1:      wheals_arrival_linesprint, layout_rooms
D:2:      layout_basic, grunt_dithmenos_smoke,
          chequers_temple_overflow_minitemple, okawaru_metal_pillars_1_2,
          uniq_jessica, uniq_sigmund, uniq_terence
D:3:      layout_basic, nemelex_altar_shiori
D:4:      layout_basic, minmay_temple_entry_mini_moons, serial_shops,
          nicolae_shop_statue_plus, amcnicky_altar_lugonu_corruption, uniq_robin
D:5:      layout_loops_ring, serial_glass, glass_columns_b, glass_columns_b,
          glass_columns_a, glass_columns_a, glass_columns_b, glass_columns_a,
          glass_columns_b, glass_columns_a, amcnicky_mini_corridor_feature,
          minmay_misc_feat_more_columns
D:6:      cheibrodos_quashed, layout_basic, serial_shops, nicolae_shop_stone,
          amcnicky_altar_gilded, uniq_edmund
D:7:      layout_rooms, lemuel_crystal_altar, gammafunk_temple_overflow_pools,
          serial_shops, shop, cheibriados_altar_1
D:8:      layout_gridville, grunt_temple_overflow_open, david_lair_shrubbed,
          serial_ice, serial_ice_o, serial_ice_h, serial_ice_a, serial_ice_l,
          uniq_maurice
D:9:      layout_cave_pools, enter_bailey_3, hangedman_decor_growths,
          minmay_misc_feat_iff, minmay_misc_feat_x, uniq_joseph
D:10:     layout_roguey, orc_david_3, kennysheep_path_1
D:11:     layout_basic, uniq_psyche, uniq_nergalle, uniq_sonja, uniq_erica
D:12:     layout_loops_ring, serial_shops, nicolae_shop_statue_plus,
          serial_glass, glass_columns_b, glass_columns_c, uniq_snorg,
          uniq_josephine

Skill      XL: |  1  2  3  4  5  6  7  8  9 10 11 12 |
---------------+-------------------------------------+-----
Axes           | 3 4 5 6 7 8 10 11 | 11.6
Armour         | 3 4 5 6 7 |  7.0
Shields        | 3 4 5 6 7 |  7.2
Dodging        | 1 |  1.3
Fighting       | 4 5 6 7 8 |  8.6
Invocations    | 3 5 8 9 |  9.5
Stealth        | 1 |  1.1
Throwing       | 2 |  2.5
Evocations     | 2 |  2.5

Action                   |  1- 3 |  4- 6 |  7- 9 | 10-12 || total
-------------------------+-------+-------+-------+-------++-------
Melee: War axe           |    45 |   179 |   252 |   554 ||  1030
       Tailslap          |     4 |    30 |    65 |   128 ||   227
Throw: Dart              |       |     2 |     3 |       ||     5
       Javelin           |       |       |       |     8 ||     8
       Boomerang         |       |       |       |     5 ||     5
Invok: Heroism           |       |       |     4 |     5 ||     9
 Abil: Rolling Charge    |    12 |    25 |    38 |    64 ||   139
  Use: Scroll            |       |     8 |     4 |    11 ||    23
       Potion            |       |     2 |     7 |     4 ||    13
Armor: Scale mail        |    26 |    89 |    74 |       ||   189
       Ring mail         |       |       |    59 |   222 ||   281
Dodge: Dodged            |    10 |    46 |    75 |   212 ||   343
Block: Kite shield       |    20 |    79 |   177 |   449 ||   725
